 Dungeon Crawl Stone Soup version 0.29.1-1-gd02db6906a (webtiles) character file.

Game seed: 5967318095112565000

75 keekatzer the Sneak (level 4, -4/26 HPs)
             Began as a Kobold Enchanter on Sept 23, 2022.
             Slain by a gnoll
             ... wielding a +0 flail
              (9 damage)
             ... on level 2 of the Dungeon.
             The game lasted 00:08:30 (1713 turns).

keekatzer the Sneak (Kobold Enchanter)              Turns: 1713, Time: 00:08:31

Health: -4/26      AC:  2    Str:  5    XL:     4   Next: 55%
Magic:  1/7        EV: 15    Int: 16    God:
Gold:   122        SH:  0    Dex: 17    Spells: 3/8 levels left

rFire   . . .      SeeInvis .   a - +1 dagger
rCold   . . .      Faith    .   (no shield)
rNeg    . . .      Spirit   .   b - +0 robe
rPois   .          Reflect  .   (no helmet)
rElec   .          Harm     .   (no cloak)
rCorr   .          Rampage  .   (no gloves)
Will    .....                   (no boots)
Stlth   ++++......              (no amulet)
HPRegen 0.08/turn               (no ring)
MPRegen 0.10/turn               (no ring)

@: very slightly contaminated
A: small, no large weapons, nightstalker 3
a: no special abilities


You were on level 2 of the Dungeon.
You visited 1 branch of the dungeon, and saw 2 of its levels.

You collected 122 gold pieces.

Inventory:

Hand Weapons
 a - a +1 dagger (weapon)
Armour
 b - a +0 robe (worn)
Jewellery
 j - an amulet of faith
Scrolls
 d - 2 scrolls of identify {unknown}
 e - 3 scrolls of teleportation {unknown}
 h - a scroll of blinking {unknown}
 k - a scroll of enchant weapon {unknown}
 l - a scroll of fog {unknown}
 m - a scroll of immolation {unknown}
Potions
 c - 2 potions of invisibility
 f - 2 potions of heal wounds {unknown}
 g - a potion of curing {unknown}
 i - a potion of mutation {unknown}


   Skills:
 + Level 2.1 Fighting
 + Level 1.7 Short Blades
 + Level 2.5 Dodging
 + Level 4.1 Stealth
 + Level 2.5 Spellcasting
 + Level 3.3 Hexes
 + Level 1.9 Ice Magic


You had 3 spell levels left.
You knew the following spells:

 Your Spells              Type           Power      Damage    Failure   Level
a - Ensorcelled Hibernat  Hex/Ice        20%        N/A       10%         2
b - Confusing Touch       Hex            12%        N/A       16%         3

Your spell library contained the following spells:

 Spells                   Type           Power      Damage    Failure   Level
 Tukima's Dance           Hex            12%        N/A       16%         3
 Dazzling Flash           Conj/Hex       14%        N/A       30%         3
 Ignite Poison            Fire/Tmut/Pois 2%         N/A       52%         3
 Mephitic Cloud           Conj/Pois/Air  2%         N/A       52%         3
 Freezing Cloud           Conj/Ice/Air   2%         6-21      99%         5


Dungeon Overview and Level Annotations

Branches:
Dungeon (2/15)

Altars:
Qazlal

Shops:
D:1 [


Innate Abilities, Weirdness & Mutations

You are small and have problems with some larger weapons.
You are completely attuned to the shadows.


Message History

You hit the jackal.
You kill the jackal!
Casting: Ensorcelled Hibernation (safe; 10% risk of failure)
Confirm with . or Enter, or press ? or * to list all spells.
Aiming: Ensorcelled Hibernation (safe; 10% risk of failure)
Press: ? - help, Shift-Dir - straight line, f - gnoll
Aim: a gnoll, wielding a +0 flail (chance to affect: 52%)
You miscast Ensorcelled Hibernation.
You are very lightly contaminated with residual magic.
Nothing appears to happen.
The gnoll misses you.
Casting: Ensorcelled Hibernation (safe; 10% risk of failure)
Confirm with . or Enter, or press ? or * to list all spells.
Aiming: Ensorcelled Hibernation (safe; 10% risk of failure)
Press: ? - help, Shift-Dir - straight line, f/p - gnoll
Aim: a gnoll, wielding a +0 flail (chance to affect: 52%)
You miscast Ensorcelled Hibernation.
Nothing appears to happen.
The gnoll hits you with a +0 flail!
Casting: Ensorcelled Hibernation (safe; 10% risk of failure)
Confirm with . or Enter, or press ? or * to list all spells.
Aiming: Ensorcelled Hibernation (safe; 10% risk of failure)
Press: ? - help, Shift-Dir - straight line, f/p - gnoll
Aim: a gnoll, wielding a +0 flail (chance to affect: 52%)
The gnoll resists with significant effort.
The gnoll misses you.
You closely miss the gnoll. The gnoll hits you with a +0 flail.
You hit the gnoll but do no damage. The gnoll barely misses you.
You hit the gnoll.
The gnoll is moderately wounded.
The gnoll closely misses you.
Casting: Ensorcelled Hibernation (safe; 10% risk of failure)
Confirm with . or Enter, or press ? or * to list all spells.
You don't know that spell.
You hit the gnoll.
The gnoll is heavily wounded.
The gnoll hits you with a +0 flail.
* * * LOW HITPOINT WARNING * * *
You hit the gnoll.
The gnoll is heavily wounded.
The gnoll hits you with a +0 flail!
You die...

..... #
#...### ..
#......
...#P.#.#.
...g@).....
+#+#P.##...
#÷.##...
#....# ####÷##
#..# ##.#
############
#.#
##..........##
#.#


You could see a gnoll.

Vanquished Creatures
  2 adders (D:2)
  2 dart slugs (D:1)
  4 endoplasms (D:1)
  10 hobgoblins
  6 jackals
  5 kobolds
  2 quokkas (D:1)
  4 ball pythons (D:1)
  5 bats
  8 rats
48 creatures vanquished.

Notes
Turn   | Place    | Note
-------+----------+-------------------------------------------
     0 | D:1      | keekatzer the Kobold Enchanter began the quest for the Orb.
     0 | D:1      | Reached XP level 1. HP: 10/10 MP: 3/3
   149 | D:1      | Reached skill level 1 in Fighting
   157 | D:1      | Reached XP level 2. HP: 13/16 MP: 5/5
   160 | D:1      | Learned a level 2 spell: Ensorcelled Hibernation
   479 | D:1      | Reached XP level 3. HP: 18/21 MP: 3/6
   513 | D:1      | Found Jeckobui's Armour Boutique.
   558 | D:1      | Learned a level 3 spell: Confusing Touch
   586 | D:1      | Reached skill level 1 in Ice Magic
   794 | D:1      | Found a faded altar of an unknown god.
   861 | D:1      | Found a stormy altar of Qazlal.
  1180 | D:2      | Reached XP level 4. HP: 23/26 MP: 7/7
  1713 | D:2      | Slain by a gnoll

Illustrated notes

Levels and vault maps discovered:
D:1:      dpeg_arrival_circle_labyrinth_a, layout_loops_corners,
          dreamdust_ecumenical_altar_statues, serial_shops,
          nicolae_shop_crystal, st_stairs_5, minmay_hexomino_r4
D:2:      layout_rooms, serial_shops, shop, nicolae_shop_hallway_plus,
          cheibrodos_gnoll_hut

Skill      XL: |  1  2  3 |
---------------+----------+-----
Fighting       | 1 2 |  2.1
Ice Magic      | 1 |  1.9
Short Blades   | |  1.7
Dodging        | |  2.5
Stealth        | |  4.1
Spellcasting   | |  2.5
Hexes          | |  3.3

Action                   |  1- 3 |  4- 6 || total
-------------------------+-------+-------++-------
Melee: Dagger            |    75 |    50 ||   125
 Cast: Ensorcelled Hiber |     6 |     8 ||    14
 Stab: Sleeping          |    26 |     2 ||    28
Armor: Robe              |     7 |    15 ||    22
Dodge: Dodged            |    49 |    46 ||    95
